 Dungeon Crawl Stone Soup version 0.31-a0-150-g89dc3ad700 (webtiles) character file.

Game seed: 4451155612078287524

79 qw the Shooter (level 4, -2/38 HPs)
             Began as a Minotaur Hunter on June 8, 2023.
             Killed from afar by Natasha (4 damage)
             ... with a magic dart
             ... on level 2 of the Dungeon.
             The game lasted 00:00:17 (675 turns).

qw the Shooter (Minotaur Hunter)                     Turns: 675, Time: 00:00:17

Health: -2/38      AC:  3    Str: 16    XL:     4   Next: 17%
Magic:  3/3        EV: 12    Int:  6    God:
Gold:   67         SH:  0    Dex: 15    Spells: 3/3 levels left

rFire   . . .        Y - +0 shortbow
rCold   . . .        (shield currently unavailable)
rNeg    . . .        c - +0 leather armour
rPois   .            (helmet restricted)
rElec   .            (no cloak)
rCorr   .            (no gloves)
SInv    .            (no boots)
Will    .....        (no amulet)
Stlth   +            (no ring)
HPRegen 0.26/turn    (no ring)
MPRegen 0.08/turn

%: no passive effects
@: no status effects
A: horns 2, retaliatory headbutt
a: no special abilities


You were on level 2 of the Dungeon.
You visited 1 branch of the dungeon, and saw 2 of its levels.

You collected 67 gold pieces.


Innate Abilities, Weirdness & Mutations

You have a pair of horns on your head.
You reflexively headbutt those who attack you in melee.


   Skills:
 + Level 3.0 Fighting
 - Level 6.1 Ranged Weapons
 - Level 2.1 Dodging
 - Level 0.7 Stealth


You had 3 spell levels left.
You didn't know any spells.
Your spell library was empty.

Inventory:

Hand Weapons
 Y - a +0 shortbow (weapon)
Armour
 c - a +0 leather armour (worn)
Jewellery
 e - a ring of fire
Scrolls
 a - a scroll of enchant armour
 d - a scroll of teleportation {unknown}
Potions
 b - a potion of might {unknown}
 g - a potion of lignification {unknown}
 h - a potion of resistance {unknown}

Dungeon Overview and Level Annotations

Branches:
Dungeon (2/15)

Altars:

Annotations:
D:2 Natasha


Message History

The orc priest calls upon Beogh to heal the orc priest.
The orc priest's wounds heal themselves!
You shoot an arrow. The arrow hits the orc priest.
The orc priest is moderately wounded.
The orc priest begins to cast a cantrip, but forgets the words!
The orc priest closely misses you.
You shoot an arrow.
The arrow completely misses the orc priest.
The orc priest barely misses you. The orc priest hits you with a +0 club.
You shoot an arrow.
The arrow closely misses the orc priest.
The orc priest hits you with a +0 club. x2
You shoot an arrow.
The arrow hits the orc priest but does no damage.
The orc priest is moderately wounded.
The orc priest misses you.
The orc priest calls upon Beogh to heal the orc priest.
The orc priest's wounds heal themselves!
You shoot an arrow. The arrow hits the orc priest.
The orc priest is moderately wounded.
The orc priest hits you but does no damage.
The orc priest hits you with a +0 club.
You shoot an arrow. The arrow hits the orc priest!
The orc priest is almost dead.
The orc priest hits you with a +0 club.
The orc priest mumbles some strange prayers to Beogh against you.
Beogh smites you! The orc priest hits you with a +0 club.
The orc priest calls upon Beogh to heal the orc priest.
The orc priest is healed somewhat.
You shoot an arrow. The arrow hits the orc priest!
You kill the orc priest!
The orc priest barely misses you.
Your Ranged Weapons skill increases to level 6!
You have reached level 4!
You feel stronger.
You shoot an arrow. The arrow hits the orc priest.
The orc priest is moderately wounded.
Natasha mewls in sadness.
Natasha casts a spell at you. The magic dart hits you.
You die...

........... .......... ..........
... ......... ... !........ #.#
#oo...... ####.# #oh...... >.##.#
#@#########. #.##.# #...........
## #.##.# ###.########
.######.##.# #.# ###
...........#######.#####.########
.######.##.......................
## #.##.#####...##..#.#.###### #
#.##.# #.####.....>.....# #
#.##.#####.#####<#.#.####.#


You could see an orc priest, Natasha and 2 orcs.

Vanquished Creatures
  An orc priest (D:2)
  Natasha (D:2)
  An orc (D:2)
  A ball python (D:1)
  2 bats
  An endoplasm (D:1)
  3 goblins
  2 hobgoblins
  4 jackals (D:1)
  A quokka (D:2)
  A frilled lizard (D:1)
  3 kobolds
  5 rats
26 creatures vanquished.

Notes
Turn   | Place    | Note
-------+----------+-------------------------------------------
     0 | D:1      | qw the Minotaur Hunter began the quest for the Orb.
     0 | D:1      | Reached XP level 1. HP: 18/18 MP: 0/0
     0 | D:1      | 0 ||| qw: Version: 0.2-a-119-g7aa9181
     0 | D:1      | 0 ||| qw: Game counter: 2837
     0 | D:1      | 0 ||| qw: Always use a shield: true
     0 | D:1      | 0 ||| qw: God list: Okawaru
     0 | D:1      | 0 ||| qw: Allow faded altars: false
     0 | D:1      | 0 ||| qw: Do Orc after D:15 true
     0 | D:1      | 0 ||| qw: Do second Lair branch before Depths: true
     0 | D:1      | 0 ||| qw: Lair rune preference: random
     0 | D:1      | 0 ||| qw: Plans: Normal
     0 | D:1      | 0 ||| PLANNING D:1-11
   119 | D:1      | Reached XP level 2. HP: 25/25 MP: 1/1
   124 | D:1      | Reached skill level 5 in Ranged Weapons
   331 | D:1      | Found a faded altar of an unknown god.
   334 | D:1      | Reached skill level 3 in Fighting
   430 | D:1      | 430 ||| READING 2 scrolls labelled PIRIPR CIMES.
   431 | D:1      | 431 ||| READING scroll labelled CUMUGO BANASHU.
   432 | D:1      | 432 ||| DROPPING scroll of butterflies.
   523 | D:2      | Noticed Natasha
   529 | D:2      | Killed Natasha
   530 | D:2      | Reached XP level 3. HP: 27/31 MP: 2/2
   661 | D:2      | 661 ||| Stepping ~*~*~tactically~*~*~ (outnumbered).
   662 | D:2      | Noticed Natasha
   663 | D:2      | 663 ||| Stepping ~*~*~tactically~*~*~ (outnumbered).
   673 | D:2      | HP: 2/31 [orc priest/divine providence (11)]
   675 | D:2      | Reached skill level 6 in Ranged Weapons
   675 | D:2      | Reached XP level 4. HP: 2/38 MP: 3/3
   675 | D:2      | Killed from afar by Natasha

Levels and vault maps discovered:
D:1:      heliophobic_arrival_battle_scene, layout_rooms,
          ebering_ecumenical_altar_abandoned
D:2:      cheibrodos_pilgrimage, layout_loops_ring, uniq_natasha, uniq_robin

Skill      XL: |  1  2  3 |
---------------+----------+-----
Ranged Weapons | 5 6 |  6.1
Fighting       | 3 |  3.0
Dodging        | |  2.1
Stealth        | |  0.7

Action                     |  1- 3 |  4- 6 || total
---------------------------+-------+-------++-------
   Fire: Shortbow          |    65 |     1 ||    66
    Use: Scroll            |     2 |       ||     2
 Armour: Leather armour    |     7 |       ||     7
  Dodge: Dodged            |    28 |       ||    28

Table legend:
 A = Non-vault XP
 B = Vault XP
 C = Vault XP percentage of total XP
 D = Non-vault monster count
 E = Vault monster count
 F = Vault count percentage of total count
                 A         B        C        D         E       F
            +---------+---------+-------+---------+---------+-------
      Total |      38 |      76 |  66.7 |      23 |       3 |  11.5
            +---------+---------+-------+---------+---------+-------
        D:1 |      28 |       0 |   0.0 |      17 |       0 |   0.0
        D:2 |      10 |      76 |  88.4 |       6 |       3 |  33.3
            +---------+---------+-------+---------+---------+-------
